 Dungeon Crawl Stone Soup version 0.31.0-32-g396128a36d (webtiles) character file.

Game seed: 6137949130444357882

166 monsoonserge the Ruffian (level 5, -17/34 HPs)
             Began as an Octopode Shapeshifter on Apr 13, 2024.
             Was an Initiate of Gozag.
             Demolished by an ogre
             ... wielding a +0 giant spiked club
              (23 damage)
             ... on level 4 of the Dungeon.
             The game lasted 00:05:04 (2217 turns).

monsoonserge the Ruffian (Octopode Shapeshifter)    Turns: 2217, Time: 00:05:05

Health: -17/34     AC:  1    Str: 16    XL:     5   Next: 47%
Magic:  5/5        EV: 13    Int: 12    God:    Gozag
Gold:   228        SH:  0    Dex: 11    Spells: 4/4 levels left

rFire   . .          .
                       - Unarmed
rCold   . . .        (no shield)
rNeg    . . .        (helmet currently unavailable)
rPois   .            (no amulet)
rElec   .            (no ring)
rCorr   .            (no ring)
SInv    .            (no ring)
Will    .....        (no ring)
Stlth   +++          (no ring)
HPRegen 0.25/turn    (no ring)
MPRegen 0.09/turn    (no ring)
                     (no ring)

%: no passive effects
@: beast-form
A: beast (slay +2), almost no armour, amphibious, 8 rings, camouflage 1,
gelatinous body 1, (nimble swimmer 1), tentacles
a: Begin Untransformation, Renounce Religion, Potion Petition, Call Merchant,
Bribe Branch


You were on level 4 of the Dungeon.
You worshipped Gozag.
Gozag was aware of your devotion.
You were a hulking beast.
You visited 1 branch of the dungeon, and saw 4 of its levels.

You collected 273 gold pieces.
You paid 45 gold pieces to Gozag.

Inventory:

Missiles
 h - 3 boomerangs
 p - 2 poisoned darts (quivered)
Talismans
 b - a beast talisman
 c - a flux talisman
 n - a talisman of death
Scrolls
 d - a scroll of teleportation {unknown}
 e - a scroll of fog {unknown}
 f - 4 scrolls of identify {unknown}
 g - a scroll of amnesia {unknown}
 k - a scroll of noise {unknown}
 l - a scroll of poison {unknown}
 m - a scroll of immolation {unknown}
Potions
 a - a potion of lignification
 i - 3 potions of curing {unknown}
 j - 2 potions of might {unknown}
 o - a potion of berserk rage {unknown}


   Skills:
 - Level 2.0 Fighting
 - Level 2.0 Dodging
 - Level 2.0 Stealth
 + Level 5.0 Unarmed Combat
 - Level 3.5 Shapeshifting


You had 4 spell levels left.
You didn't know any spells.
Your spell library was empty.

Dungeon Overview and Level Annotations

Branches:
Dungeon (4/15)
 Temple: D:4-7

Altars:
Fedhas
Gozag
Sif Muna
Uskayaw


Innate Abilities, Weirdness & Mutations

You are a hulking beast.
Your limbs bulge with bestial killing power. (Slay +2)
You cannot wear most types of armour.
You are amphibious.
You can wear up to eight rings at the same time.
Your skin changes colour to match your surroundings (Stealth+).
Your rubbery body absorbs attacks. (AC +1, EV +1)
((You are camouflaged when in or above water. (Stealth+)))
You have tentacles for arms and can constrict up to eight enemies at once.


Message History

You tentacle-slap the ribbon worm.
You kill the ribbon worm!
You now have 222 gold pieces (gained 6).
Found 2 poisoned darts.
f - 4 scrolls labelled QUH ROABBO (gained 1)
There are no items here.
A goblin comes into view. It is wielding a +0 club.
An endoplasm comes into view.
You see here 2 poisoned darts.
p - 2 poisoned darts An ogre comes into view.
It is wielding a +0 giant spiked club.
Found a scroll labelled MICREIG JOCSI and 12 gold pieces.
Found a stone staircase leading up.
The goblin shouts!
You hear a shout!
You barely miss the goblin. Your grab misses the goblin.
Your squeeze misses the goblin. You bludgeon the goblin!
You kill the goblin!
Things that are here:
6 gold pieces; a +0 club The endoplasm is distracted by your dazzling golden aura.
Things that are here:
6 gold pieces; a +0 club You now have 228 gold pieces (gained 6).
A kobold comes into view. It is wielding a +0 dagger.
You barely miss the ogre. Your squeeze misses the ogre. The ogre misses you.
You barely miss the ogre. You tentacle-slap the ogre!
The ogre is moderately wounded.
You completely miss the ogre.
The ogre is moderately wounded.
The ogre hits you with a +0 giant spiked club!!
Ouch! That really hurt!
* * * LOW HITPOINT WARNING * * *
The kobold shouts!
You tentacle-slap the ogre. x2
The ogre is heavily wounded.
The ogre hits you with a +0 giant spiked club!!
Ouch! That really hurt!
You die...
Your body crumbles into a pile of gold.

........)...####...#
#####.#.###.# #...#
#####.#.# #... .?....
........########...#.#
#####....<.........#.#
#.#.########.#.# #
#.#..........#.#
#.#O######## #
#h...K.... #########.


You could see an ogre and a kobold.

Vanquished Creatures
  Terence (D:2)
  6 adders
  3 dart slugs
  3 ribbon worms
  4 ball pythons (D:1)
  6 endoplasms
  5 giant cockroaches
  6 goblins
  8 hobgoblins
  3 jackals (D:2)
  4 quokkas
  4 bats
  4 frilled lizards
  6 kobolds
  9 rats
72 creatures vanquished.

Notes
Turn   | Place    | Note
-------+----------+-------------------------------------------
     0 | D:1      | monsoonserge the Octopode Shapeshifter began the quest for
                  | the Orb.
     0 | D:1      | Reached XP level 1. HP: 13/13 MP: 1/1
   107 | D:1      | Reached skill level 1 in Stealth
   107 | D:1      | Reached XP level 2. HP: 12/18 MP: 2/2
   293 | D:1      | Reached XP level 3. HP: 19/24 MP: 3/3
   763 | D:2      | Reached XP level 4. HP: 24/29 MP: 4/4
  1144 | D:2      | Reached skill level 4 in Unarmed Combat
  1256 | D:2      | Noticed Terence
  1263 | D:2      | Killed Terence
  1264 | D:2      | Reached XP level 5. HP: 6/34 MP: 5/5
  1596 | D:3      | Found a hide-covered altar of Uskayaw.
  1598 | D:3      | Found an opulent altar of Gozag.
  1627 | D:3      | Became a worshipper of Gozag Ym Sagoz the Greedy
  1742 | D:3      | Found a shimmering blue altar of Sif Muna.
  1943 | D:3      | Found a blossoming altar of Fedhas.
  2064 | D:3      | Reached skill level 5 in Unarmed Combat
  2123 | D:3      | Found a faded altar of an unknown god.
  2186 | D:4      | Noticed an ogre
  2217 | D:4      | Demolished by an ogre

Illustrated notes

Levels and vault maps discovered:
D:1:      nzn_arrival_water_spiral, layout_basic
D:2:      layout_basic, nicolae_eternal_life, uniq_terence
D:3:      layout_rooms, fedhas_altar_fruit_tree, nicolae_sif_muna_condensation,
          jmf_multi_god_temple, dreamdust_ecumenical_altar_hidden_monk_grotto
D:4:      cheibrodos_greedy_goblins, layout_loops_ring,
          minmay_temple_entry_statues_pillars

Skill      XL: |  1  2  3  4  5 |
---------------+----------------+-----
Stealth        | 1 2 |  2.0
Fighting       | 2 |  2.0
Unarmed Combat | 4 5 |  5.0
Dodging        | |  2.0
Shapeshifting  | |  3.5

Action                     |  1- 3 |  4- 6 || total
---------------------------+-------+-------++-------
  Melee: Unarmed           |    64 |    61 ||   125
         Constrict         |    21 |    15 ||    36
         Tentacles         |     9 |    15 ||    24
         Punch             |     2 |     5 ||     7
   Stab: Sleeping          |    11 |     9 ||    20
 Armour: Skin              |    23 |    22 ||    45
  Dodge: Dodged            |    29 |    34 ||    63
